 Dungeon Crawl Stone Soup version 0.31-a0-263-ge8cad7f256 (webtiles) character file.

Game seed: 5265101869993644077

52 qw the Shooter (level 3, 0/29 HPs)
             Began as a Minotaur Hexslinger on July 13, 2023.
             Slain by an orc
             ... wielding a +0 club
              (5 damage)
             ... on level 3 of the Dungeon.
             The game lasted 00:00:31 (1599 turns).

qw the Shooter (Minotaur Hexslinger)                Turns: 1599, Time: 00:00:32

Health: 0/29       AC:  0    Str: 12    XL:     3   Next: 60%
Magic:  3/3        EV: 12    Int: 10    God:
Gold:   101        SH:  0    Dex: 14    Spells: 3/4 levels left

rFire   . . .        Y - +1 sling
rCold   . . .        (no shield)
rNeg    . . .        c - +0 robe
rPois   .            (helmet restricted)
rElec   .            e - +0 cloak
rCorr   .            (no gloves)
SInv    .            h - +0 pair of boots
Will    .....        (no amulet)
Stlth   +            (no ring)
HPRegen 0.24/turn    (no ring)
MPRegen 0.08/turn

%: no passive effects
@: corroded
A: horns 2, retaliatory headbutt
a: no special abilities


You were on level 3 of the Dungeon.
You visited 1 branch of the dungeon, and saw 3 of its levels.

You collected 101 gold pieces.


Innate Abilities, Weirdness & Mutations

You have a pair of horns on your head.
You reflexively headbutt those who attack you in melee.


   Skills:
 - Level 2.0 Fighting
 + Level 4.2 Ranged Weapons
 - Level 2.1 Dodging
 - Level 1.0 Spellcasting
 - Level 2.0 Hexes


You had 3 spell levels left.
You knew the following spells:

 Your Spells              Type           Power      Damage    Failure   Level
a - Slow                  Hex            16%        N/A       16%         1

Your spell library contained the following spells:

 Spells                   Type           Power      Damage    Failure   Level
 Inner Flame              Hex/Fire       2%         N/A       56%         3
 Portal Projectile        Hex/Tloc       4%         N/A       56%         3
 Cause Fear               Hex            2%         N/A       83%         4

Inventory:

Hand Weapons
 Y - a +1 sling (weapon)
Armour
 c - a +0 robe (worn)
 e - a +0 cloak (worn)
 h - a +0 pair of boots (worn)
Scrolls
 b - 2 scrolls of identify
 d - a scroll of revelation {unknown}
Potions
 a - a potion of curing {unknown}
 f - a potion of attraction {unknown}
 i - a potion of lignification {unknown}

Dungeon Overview and Level Annotations

Branches:
Dungeon (3/15)

Altars:


Message History

An orc comes into view.
It is wielding a +0 club and carrying a wand of acid.
The orc moves out of view.
You shoot a sling bullet. The sling bullet barely misses the orc.
The sling bullet hits the kobold.
The kobold is severely wounded.
1590 ||| Stepping ~*~*~tactically~*~*~ (outnumbered).
The orc hits you with a +0 dagger.
You shoot a sling bullet.
The sling bullet hits the orc but does no damage.
The orc is heavily wounded.
You hear a shout!
The orc closely misses you.
You shoot a sling bullet.
The sling bullet closely misses the orc.
The orc hits you but does no damage.
You shoot a sling bullet.
The sling bullet hits the orc but does no damage.
The orc is heavily wounded.
The orc hits you with a +0 dagger.
You shoot a sling bullet. The sling bullet hits the orc!
You kill the orc!
You hear a shout!
The hobgoblin misses you. You furiously retaliate!
You headbutt the hobgoblin.
You kill the hobgoblin!
The orc zaps a wand.
The bolt of acid hits you!!
Ouch! That really hurt!
The acid corrodes you!
1595 ||| Stepping ~*~*~tactically~*~*~ (outnumbered).
You shoot a sling bullet.
The sling bullet hits the orc but does no damage.
An orc comes into view. It is wielding a +0 club.
You shoot a sling bullet.
The sling bullet hits the orc but does no damage.
You shoot a sling bullet. The sling bullet barely misses the orc.
You shoot a sling bullet.
The sling bullet closely misses the orc.
The sling bullet hits the orc.
The orc is heavily wounded.
The orc hits you with a +0 club.
You die...

# #+# .#
#######.#########.##
....K.)o............
..K..#o###......##
... #@# #......# o
#.# #......# #.#
#......# #.#
#......# #.#
#......# ..#
#......# ###
#%....## ###...###
#.')..##


You could see 2 orcs.

Vanquished Creatures
  A dart slug (D:1)
  3 orcs (D:3)
  6 endoplasms
  A giant cockroach (D:1)
  3 goblins (D:1)
  4 hobgoblins
  4 jackals (D:3)
  A quokka (D:2)
  5 ball pythons
  3 bats
  A frilled lizard (D:1)
  9 kobolds
  3 rats
44 creatures vanquished.

Notes
Turn   | Place    | Note
-------+----------+-------------------------------------------
     0 | D:1      | qw the Minotaur Hexslinger began the quest for the Orb.
     0 | D:1      | Reached XP level 1. HP: 16/16 MP: 1/1
     0 | D:1      | 0 ||| qw: Version: 0.3-a-52-g30416fa
     0 | D:1      | 0 ||| qw: Game counter: 7255
     0 | D:1      | 0 ||| qw: Melee chars always use a shield: true
     0 | D:1      | 0 ||| qw: God list: Okawaru
     0 | D:1      | 0 ||| qw: Allow faded altars: false
     0 | D:1      | 0 ||| qw: Do Orc after clearing Dungeon:15 true
     0 | D:1      | 0 ||| qw: Do second Lair branch before Depths: true
     0 | D:1      | 0 ||| qw: Lair rune preference: random
     0 | D:1      | 0 ||| qw: Goals: Normal
     0 | D:1      | 0 ||| PLANNING D:1-11
   113 | D:1      | Reached skill level 3 in Ranged Weapons
   113 | D:1      | Reached XP level 2. HP: 23/23 MP: 2/2
   788 | D:1      | 788 ||| UPGRADING to +0 cloak.
   793 | D:1      | 793 ||| UPGRADING to +0 pair of boots.
   798 | D:1      | 798 ||| DROPPING ring of wizardry.
   799 | D:1      | 799 ||| READING scroll labelled YPIDAA KODOGA.
   803 | D:1      | 803 ||| READING scroll labelled ZIBOAV WIDGHOPE.
   804 | D:1      | 804 ||| READING scroll labelled LIOVIA YTRYPT.
   847 | D:1      | 847 ||| READING scroll labelled BUMMEU XURAU.
   848 | D:1      | 848 ||| DROPPING scroll of poison.
   875 | D:2      | Reached XP level 3. HP: 27/29 MP: 3/3
   920 | D:2      | Identified the +1 whip of Hijitzuo {flame, rN++ Dex+3}
  1464 | D:3      | Reached skill level 4 in Ranged Weapons
  1590 | D:3      | 1590 ||| Stepping ~*~*~tactically~*~*~ (outnumbered).
  1594 | D:3      | HP: 4/29 [orc/bolt of acid (21)]
  1595 | D:3      | 1595 ||| Stepping ~*~*~tactically~*~*~ (outnumbered).
  1599 | D:3      | Slain by an orc

Levels and vault maps discovered:
D:1:      pf_arrival_petrified_forest, layout_basic
D:2:      layout_rooms, minmay_misc_feat_roman, lemuel_flame_loot_1
D:3:      layout_basic, serial_shops, nicolae_shop_trees

Skill      XL: |  1  2  3 |
---------------+----------+-----
Ranged Weapons | 3 4 |  4.2
Fighting       | 2 |  2.0
Dodging        | |  2.1
Spellcasting   | |  1.0
Hexes          | |  2.0

Action                     || total
---------------------------++-------
   Fire: Sling             ||   109
    Use: Scroll            ||     4
 Armour: Robe              ||    19
  Dodge: Dodged            ||    36

Table legend:
 A = Non-vault XP
 B = Vault XP
 C = Vault XP percentage of total XP
 D = Non-vault monster count
 E = Vault monster count
 F = Vault count percentage of total count
                 A         B        C        D         E       F
            +---------+---------+-------+---------+---------+-------
      Total |      75 |       0 |   0.0 |      44 |       0 |   0.0
            +---------+---------+-------+---------+---------+-------
        D:1 |      37 |       0 |   0.0 |      25 |       0 |   0.0
        D:2 |      15 |       0 |   0.0 |       8 |       0 |   0.0
        D:3 |      23 |       0 |   0.0 |      11 |       0 |   0.0
            +---------+---------+-------+---------+---------+-------
